 Dungeon Crawl Stone Soup version 0.18-a0-337-g1235303 (webtiles) character file.

275 xeno23 the Gusty (level 5, -5/40 HPs)
             Began as a Demigod Air Elementalist on Nov 28, 2015.
             Killed from afar by cireshan's ghost (7 damage)
             ... with a magic dart
             ... on level 4 of the Dungeon.
             The game lasted 00:16:59 (2159 turns).

xeno23 the Gusty (Demigod Air Elementalist)         Turns: 2159, Time: 00:16:59

Health: -5/40      AC:  3    Str: 13    XL:     5   Next: 73%
Magic:  11/11      EV: 18    Int: 19    God:
Gold:   165        SH:  0    Dex: 21    Spells: 4 memorised, 1 level left

rFire  + . .     SeeInvis .     l - +2 dagger (venom)
rCold  + . .     Clarity  .     a - +1 robe
rNeg   . . .     SustAt   +     (no shield)
rPois  +         Gourm    .     (no helmet)
rElec  +         Spirit   .     (no cloak)
rCorr  +         Warding  .     (no gloves)
rMut   .         Stasis   .     (no boots)
MR     .....                    (no amulet)
Stlth  ++........               (no ring)
                                (no ring)

@: confused, agile, resistant, not resistant to hostile enchantments, unstealthy
A: high mp 1, sustain attributes
a: no special abilities


You were on level 4 of the Dungeon.
You were hungry.

You visited 1 branch of the dungeon, and saw 5 of its levels.

You collected 165 gold pieces.

Inventory:

Hand Weapons
 d - a +0 long sword
 l - a +2 dagger of venom (weapon)
Armour
 a - a +1 robe (worn)
Scrolls
 h - a scroll of identify
 s - a scroll of fear
Potions
 r - a potion of brilliance {unknown}
Books
 b - a book of Air

   Spells                             Type                      Level
   a - Shock                          Conjuration/Air              1
   b - Swiftness                      Charms/Air                   2
   c - Repel Missiles                 Charms/Air                   2
   d - Static Discharge               Conjuration/Air              3
   e - Lightning Bolt                 Conjuration/Air              5
Comestibles
 c - 2 bread rations
 f - a meat ration


   Skills:
 + Level 1.4 Fighting
 * Level 1.8 Long Blades
 + Level 1.4 Armour
 + Level 2.5 Dodging
 - Level 1.7 Stealth
 - Level 2.5 Spellcasting
 + Level 1.8 Conjurations
 + Level 0.3 Charms
 + Level 3.9 Air Magic


You had one spell level left.
You knew the following spells:

 Your Spells              Type           Power        Failure   Level  Hunger
a - Shock                 Conj/Air       ##..         6%          1    #......
b - Swiftness             Chrm/Air       ##......     12%         2    ##.....
q - Static Discharge      Conj/Air       ##......     14%         3    ###....
r - Repel Missiles        Chrm/Air       ##....       12%         2    ##.....


Dungeon Overview and Level Annotations

Branches:
Dungeon (5/15)
 Temple: D:4-7

Portals:
Sewer: D:4

Annotations:
D:3 Purgy
D:4 Pikel; cireshan's ghost, amateur DECj


Innate Abilities, Weirdness & Mutations

You have an increased reservoir of magic (+10% MP).
Your attributes are resistant to harm.


Message History

Cireshan's ghost closely misses you.
You closely miss cireshan's ghost. Cireshan's ghost hits you!
* * * LOW HITPOINT WARNING * * *
You take 7 damage.
Drink which item? (? for menu, Esc to quit)
It was a potion of agility.
You feel agile all of a sudden.
Cireshan's ghost hits you but does no damage.
You're too confused to move!
You feel less confused. Cireshan's ghost barely misses you.
Cireshan's ghost says, "Very impressive.
But it won't help.
Nothing will."
Cireshan's ghost casts a spell at you. The spray of energy hits you!
* * * LOW HITPOINT WARNING * * *
You are confused.
You take 9 damage.
Cireshan's ghost gestures at you while chanting.
The magic dart hits you!
You die...

.## .# .##########
...........
.##..#####.##########
##......#...........#
........#=.#.##W###.####
.#...##.#..# #........##
.......... #.@........#
.#.#.##.#.# #..#.#####.#
#.......#.#####..#.#s≈≈#.#
.###..###........#.#S≈≈#.#
## #..##########<..#≈∩≈#.#
# #..##.....# ##..#≈≈≈#.#
# ##..##.....# #..#≈≈≈#.#
# #..........# ##.##+##.#
####..##.....# #.......#


You could see cireshan's ghost, an adder and a giant cockroach.

Vanquished Creatures
  3 orc wizards (D:4)
  2 worker ants (D:4)
  4 adders
  4 gnolls (D:2)
  2 oozes (D:1)
  2 worms (D:2)
  A giant gecko (D:2)
  3 orcs
  10 bats
  2 giant cockroaches
  7 goblins
  8 hobgoblins
  A ball python (D:2)
  4 giant newts
  3 jackals (D:4)
  A jackal skeleton (D:4)
  6 kobolds
  8 rats
71 creatures vanquished.

Notes
Turn   | Place    | Note
--------------------------------------------------------------
     0 | D:1      | xeno23 the Demigod Air Elementalist began the quest for the Orb.
     0 | D:1      | Reached XP level 1. HP: 14/14 MP: 5/5
    73 | D:1      | Reached skill level 3 in Air Magic
   130 | D:1      | Reached XP level 2. HP: 18/20 MP: 0/7
   557 | D:2      | Reached skill level 1 in Conjurations
   574 | D:2      | Reached XP level 3. HP: 13/26 MP: 1/8
   725 | D:2      | Learned a level 2 spell: Swiftness
   729 | D:2      | Learned a level 3 spell: Static Discharge
   927 | D:2      | Reached XP level 4. HP: 20/34 MP: 1/10
  1068 | D:2      | Found a glowing golden altar of the Shining One.
  1222 | D:2      | Found a faded altar to an unknown god.
  1374 | D:2      | Reached skill level 1 in Armour
  1642 | D:3      | Reached skill level 1 in Fighting
  1669 | D:3      | Noticed Purgy
  1674 | D:3      | You fall through a shaft for 2 floors!
  1674 | D:5      | Entered Level 5 of the Dungeon
  1739 | D:4      | Learned a level 2 spell: Repel Missiles
  1817 | D:4      | Reached skill level 1 in Long Blades
  1817 | D:4      | Reached XP level 5. HP: 32/40 MP: 6/11
  1861 | D:4      | Noticed a slave
  1863 | D:4      | Noticed Pikel
  1864 | D:4      | Noticed a slave
  1882 | D:4      | HP: 2/40 [something/magic dart (8)]
  1897 | D:4      | Noticed a slave
  1907 | D:4      | Noticed cireshan's ghost (amateur DECj)
  1948 | D:4      | HP: 2/40 [orc/club (1)]
  1978 | D:4      | Found a glowing drain.
  2158 | D:4      | HP: 2/40 [cireshan's ghost/spray of energy (9)]
  2159 | D:4      | Killed from afar by cireshan's ghost

Vault maps used:
D:1:      elethiomel_arrival_diamonds
D:2:      nicolae_tso_swordbearing_angel, ecumenical_altar_1
D:3:      first_bread, uniq_natasha, uniq_crazy_yiuf_cottage, uniq_purgy,
          uniq_sigmund
D:4:      gup_sewer_entry_glass, uniq_pikel

Action                   |  1- 3 |  4- 6 || total
-------------------------+-------+-------++-------
Melee: Unarmed           |     7 |       ||     7
       Dagger            |    52 |    17 ||    69
       Long sword        |       |    49 ||    49
 Cast: Shock             |    65 |    34 ||    99
       Static Discharge  |       |     4 ||     4
       Repel Missiles    |       |     1 ||     1
  Use: Potion            |     2 |     5 ||     7
       Scroll            |       |    11 ||    11
 Stab: Sleeping          |       |     1 ||     1
  Eat: Chunk             |     1 |     4 ||     5
